Map: Galactic Process LE

Players

Kunamatata

  • Race: Terran Terran
  • League: Master

TheLungy - Winner!

  • Race: Zerg Zerg
  • League: Grandmaster

VOD

Have the link to the VOD?

Description

Time

  • Played on: Oct. 15, 2016, 2:55 p.m.
  • Length: 12:34
Show
View Real Time Build Order
Export as new Build Order

Kunamatata Terran 

Build Orders: Reaper Expand, MMM Bio 

Get SALT Encoding   

  12  0:00  SCV  
  13  0:12  SCV  
  14  0:20  Supply Depot  
  14  0:25  SCV  
  15  0:42  Barracks, SCV  
  16  0:46  Refinery  
  16  0:54  SCV  
  17  1:06  SCV  
  18  1:21  SCV  
  19  1:29  Reaper  
  20  1:33  Orbital Command  
  20  1:42  Command Center  
  20  1:52  Barracks  
  20  1:58  SCV  
  21  2:02  Barracks Reactor  
  21  2:08  Supply Depot  
  21  2:11  SCV  
  22  2:20  Refinery  
  22  2:23  SCV  
  23  2:41  Marine  
  23  2:42  Barracks Tech Lab, Marine  
  23  2:43  Factory  
  25  2:45  SCV  
  26  2:53  Orbital Command  
  26  2:57  SCV  
  27  2:59  Marine  
  27  3:00  Stimpack  
  27  3:01  Marine  
  27  3:04  Marine  
  30  3:16  SCV  
  30  3:17  Marine  
  30  3:18  Marine  
  30  3:19  SCV  
  34  3:27  Starport  
  34  3:28  Factory Reactor  
  34  3:30  Marine  
  34  3:32  SCV  
  36  3:35  SCV  
  36  3:36  Marine  
  36  3:38  Marine  
  39  3:45  SCV  
  39  3:46  Supply Depot  
  41  3:48  SCV  
  41  3:49  Marine  
  42  3:57  SCV  
  42  3:59  Supply Depot  
  42  4:00  SCV  
  44  4:09  SCV  
  45  4:12  Medivac x2, Marine x2  
  45  4:13  Marine  
  45  4:16  Widow Mine  
  54  4:22  SCV x2  
  56  4:26  Supply Depot  
  56  4:32  Supply Depot  
  56  4:33  Marine x2  
  56  4:34  Marine, SCV x2  
  61  4:47  Medivac  
  61  4:49  Widow Mine  
  61  4:50  SCV x2  
  61  4:51  Marine x2  
  69  5:02  Command Center, Marine  
  70  5:10  Engineering Bay  
  70  5:11  Engineering Bay  
  70  5:12  Refinery  
  70  5:15  Combat Shields  
  70  5:16  Marine x2  
  70  5:20  Marine  
  71  5:32  SCV x2  
  71  5:33  Medivac  
  71  5:34  Medivac, Marine  
  71  5:35  Factory Reactor  
  78  5:39  Supply Depot  
  78  5:40  Supply Depot x2  
  78  5:43  Refinery  
  78  5:46  Supply Depot  
  78  6:00  SCV x2  
  79  6:08  Marine x3  
  79  6:09  Medivac x2  
  84  6:13  Terran Infantry Weapons Level 1, SCV x2  
  84  6:15  Orbital Command  
  86  6:25  Marine  
  86  6:26  Barracks  
  87  6:36  SCV x2  
  87  6:38  Refinery  
  89  6:41  Refinery  
  89  6:42  Marine x2, Widow Mine x2  
  89  6:43  Medivac  
  89  6:44  SCV  
  98  6:48  SCV x2  
  98  6:49  Terran Infantry Armor Level 1  
  98  6:52  Marine  
  101  6:57  Barracks  
  97  7:14  Marine x2  
  97  7:15  Marine  
  97  7:17  Barracks Reactor  
  97  7:22  Barracks  
  95  7:23  Barracks  
  95  7:25  Widow Mine x2  
  95  7:33  Marauder, Marine x2  
  95  7:34  Medivac  
  89  7:38  SCV x2  
  89  7:39  SCV  
  89  7:47  Barracks Tech Lab, Medivac  
  89  7:50  SCV  
  92  7:54  SCV x2  
  92  7:55  Marauder, Marine x2  
  93  8:07  Marauder, Liberator  
  93  8:08  Ghost Academy, Liberator  
  93  8:16  Marauder  
  95  8:22  Barracks Tech Lab x2  
  95  8:27  Starport  
  101  8:30  Marine x4  
  101  8:32  SCV  
  106  8:35  Factory Tech Lab  
  106  8:37  SCV  
  106  8:38  SCV  
  108  8:41  Supply Depot  
  108  8:44  SCV  
  109  8:49  SCV  
  109  8:50  Armory, SCV  
  109  8:53  Personal Cloaking  
  109  8:55  Liberator  
  111  8:56  SCV  
  111  8:58  Marine x3  
  111  8:59  Marine  
  111  9:00  Marine  
  111  9:01  Marine, SCV  
  111  9:02  Marine, SCV  
  120  9:04  Marine  
  122  9:11  Supply Depot  
  126  9:23  Ghost  
  126  9:24  Ghost x2  
  125  9:25  Marine x2  
  133  9:37  Terran Infantry Weapons Level 2, Terran Infantry Armor Level 2  
  133  9:39  Marauder  
  135  9:55  Marauder x3  
  135  9:56  Starport Reactor  
  135  9:59  Liberator x2  
  141  10:00  Marine  
  141  10:01  Marine  
  141  10:02  Marine x3  
  136  10:07  Supply Depot  
  136  10:14  Supply Depot  
  120  10:15  Siege Tank, Supply Depot  
  120  10:20  Marine  
  126  10:22  Command Center  
  126  10:23  Missile Turret  
  126  10:26  Marine  
  126  10:27  Marauder  
  129  10:33  Terran Ship Weapons Level 1  
  129  10:34  Ghost  
  131  10:44  Missile Turret  
  131  10:49  Missile Turret  
  131  10:55  Marauder x3, Marine  
  138  10:59  Liberator x3  
  140  11:04  Marauder  
  140  11:10  Liberator  
  140  11:14  Siege Tank  
  140  11:17  Marine x3  
  155  11:26  Marine x2  
  155  11:27  Marauder x2, Marine  
  165  11:35  Marine  
  166  11:41  Supply Depot x2  
  166  11:43  Supply Depot  
  166  11:45  Marine x3  
  172  11:48  Marauder  
  172  11:50  Ghost x2  
  126  12:15  Marine x4  
Show
View Real Time Build Order
Export as new Build Order

TheLungy Zerg - Winner!

Build Orders: Hatch First, Muta Ling Bane 

Get SALT Encoding   

  12  0:00  Drone  
  13  0:12  Overlord  
  13  0:17  Drone  
  14  0:30  Drone x2  
  14  0:34  Drone  
  17  0:52  Hatchery  
  17  0:54  Drone  
  17  0:57  Drone  
  18  1:11  Spawning Pool  
  17  1:13  Extractor  
  17  1:15  Drone  
  17  1:18  Drone  
  18  1:28  Drone  
  19  1:38  Overlord  
  19  1:49  Drone  
  20  1:57  Queen  
  20  2:00  Zergling x2  
  23  2:04  Queen, Zergling x2  
  26  2:11  Drone  
  26  2:12  Metabolic Boost  
  26  2:15  Drone  
  28  2:23  Drone  
  28  2:26  Drone  
  30  2:32  Overlord  
  30  2:33  Queen  
  32  2:46  Drone x2  
  32  2:51  Drone  
  35  2:55  Drone  
  36  3:03  Drone  
  36  3:05  Drone  
  38  3:10  Hatchery  
  37  3:14  Drone x5  
  37  3:18  Drone  
  42  3:22  Overlord  
  42  3:24  Overlord  
  42  3:28  Drone  
  42  3:32  Drone  
  44  3:34  Extractor  
  44  3:35  Drone  
  44  3:36  Baneling Nest  
  43  3:45  Drone x3  
  43  3:46  Queen  
  48  3:50  Queen  
  48  3:53  Overlord  
  50  3:56  Drone  
  50  3:57  Drone  
  50  4:02  Drone x3  
  55  4:08  Drone  
  55  4:09  Drone  
  57  4:17  Overlord, Evolution Chamber  
  57  4:19  Evolution Chamber  
  55  4:24  Drone x3  
  55  4:25  Drone x2  
  55  4:27  Lair  
  60  4:31  Queen  
  60  4:35  Zergling x4  
  60  4:36  Zergling x2  
  65  4:42  Overlord  
  65  4:43  Zergling x2  
  66  4:47  Zerg Melee Weapons Level 1  
  66  4:49  Zergling x2  
  66  4:51  Zerg Ground Armor Level 1  
  67  4:55  Zergling x6  
  70  5:00  Zergling x10  
  70  5:01  Zergling x2  
  76  5:07  Overlord  
  76  5:10  Drone x2  
  78  5:15  Overlord  
  78  5:18  Overlord  
  71  5:30  Zergling x4  
  71  5:31  Zergling x2  
  71  5:33  Extractor  
  71  5:34  Centrifical Hooks  
  71  5:35  Extractor, Overseer  
  72  5:37  Drone x2  
  72  5:38  Drone x6  
  72  5:42  Drone x3  
  83  5:46  Queen  
  83  5:48  Drone  
  86  5:50  Hatchery  
  86  5:55  Drone x3  
  87  6:05  Drone x2  
  87  6:06  Drone  
  87  6:07  Drone x3  
  87  6:08  Drone x2  
  87  6:09  Extractor  
  87  6:11  Extractor  
  93  6:14  Zergling x6  
  93  6:18  Hatchery  
  94  6:20  Overlord  
  94  6:21  Overseer  
  94  6:24  Spire  
  94  6:25  Zergling x8  
  96  6:29  Zergling x2  
  98  6:36  Zergling x4  
  100  6:43  Zergling x2  
  101  6:48  Zergling x10  
  101  6:49  Zergling x12  
  101  6:50  Baneling  
  101  6:51  Baneling x8  
  101  6:52  Baneling x7  
  101  6:53  Baneling  
  101  6:54  Zergling x2  
  113  7:02  Zergling x4  
  113  7:03  Infestation Pit  
  114  7:10  Overlord x4  
  114  7:13  Zergling x2  
  112  7:19  Zergling x8  
  112  7:20  Zergling x6  
  115  7:33  Overlord  
  107  7:37  Mutalisk  
  107  7:38  Mutalisk x5  
  115  7:45  Zergling x20  
  115  7:46  Zergling x6  
  128  7:54  Hive  
  128  7:56  Drone x2  
  128  7:57  Drone x4  
  130  8:04  Drone  
  130  8:05  Drone x2  
  133  8:10  Overlord  
  132  8:13  Drone x2  
  132  8:14  Zerg Melee Weapons Level 2, Zerg Ground Armor Level 2  
  132  8:17  Overlord  
  132  8:19  Pneumatized Carapace  
  134  8:21  Overseer  
  134  8:25  Drone x4  
  138  8:28  Zergling x2, Extractor  
  138  8:30  Zergling x6  
  141  8:36  Zerg Flyer Weapons Level 1  
  141  8:39  Zergling x12  
  141  8:40  Zergling x2  
  148  8:51  Zergling x12  
  154  8:58  Drone x2  
  154  8:59  Corruptor x2  
  154  9:00  Extractor  
  159  9:02  Hatchery  
  159  9:03  Corruptor  
  160  9:10  Corruptor  
  160  9:14  Adrenal Glands  
  160  9:15  Ultralisk Cavern  
  161  9:18  Overlord  
  161  9:19  Overlord  
  161  9:22  Overlord  
  161  9:23  Zergling x10  
  166  9:29  Baneling x12  
  166  9:30  Baneling  
  166  9:32  Baneling x3  
  166  9:34  Baneling  
  166  9:36  Overseer  
  166  9:38  Zergling x10  
  169  9:43  Zergling x2  
  169  9:44  Zergling x10  
  177  9:47  Baneling x7  
  177  9:56  Zergling x2  
  177  9:57  Zergling x18  
  185  10:06  Zergling x16  
  185  10:07  Zergling x6  
  172  10:11  Corruptor  
  168  10:16  Chitinous Plating  
  168  10:20  Drone x2  
  168  10:21  Drone x2  
  172  10:23  Zergling x2  
  172  10:24  Zergling x6  
  176  10:29  Spore Crawler  
  176  10:30  Extractor  
  176  10:33  Ultralisk  
  180  10:51  Zergling x10  
  180  10:52  Zergling x6  
  180  10:55  Overlord  
  188  11:00  Overlord  
  188  11:02  Zergling x8  
  188  11:03  Zergling x8  
  195  11:08  Overlord x2  
  190  11:14  Ultralisk  
  190  11:16  Baneling x2  
  190  11:17  Baneling x11  
  190  11:18  Baneling x2  
  183  11:58  Hatchery  
  185  12:02  Zergling x2  
  185  12:03  Zergling x28  
Tags
 
Add a new tag
Caveats
  • Supply blocks, unpowered buildings, or Contaminate may cause inaccurate times.
  • Supply counts are checked every 10 seconds.